 Dungeon Crawl Stone Soup version 0.32-a0-433-g08bcfe7efd (webtiles) character file.

Game seed: 3384157940563902566

282 garrulousMonolith the Chopper (level 6, -7/52 HPs)
             Began as a Mountain Dwarf Fighter on Feb 22, 2024.
             Killed from afar by an orc wizard (10 damage)
             ... with a puff of flame
             ... on level 4 of the Dungeon.
             The game lasted 00:02:30 (2786 turns).

garrulousMonolith the Chopper (MDFi)                Turns: 2786, Time: 00:02:31

Health: -7/52      AC: 17    Str: 19    XL:     6   Next: 6%
Magic:  8/8        EV:  7    Int:  8    God:
Gold:   181        SH:  0    Dex: 11    Spells: 5/5 levels left

rFire   . . .        l - +1 flail (protect)
rCold   . . .        c - +0 buckler
rNeg    . . .        e - +0 chain mail
rPois   .            (no helmet)
rElec   .            s - +0 cloak
rCorr   .            (no gloves)
SInv    .            (no boots)
Will    .....        (no amulet) Stlth
                     (no ring)
HPRegen 0.28/turn    (no ring)
MPRegen 0.11/turn

%: no passive effects
@: confused, lethally poisoned (-7 -> -15), under a protective aura
A: runic magic, artefact enchanting
a: no special abilities


You were on level 4 of the Dungeon.
You visited 1 branch of the dungeon, and saw 4 of its levels.

You collected 181 gold pieces.

Inventory:

Hand Weapons
 a - a +0 war axe
 l - a +1 flail of protection (weapon)
Missiles
 n - 4 poisoned darts (quivered)
Armour
 b - a +0 scale mail
 c - a +0 buckler (worn)
 e - a +0 chain mail (worn)
 s - a +0 cloak (worn)
Scrolls
 g - a scroll of butterflies {unknown}
 h - 2 scrolls of enchant armour {unknown}
 i - 3 scrolls of teleportation
 j - a scroll of identify
 k - a scroll of fear {unknown}
 m - a scroll of enchant weapon {unknown}
 o - a scroll of silence {unknown}
 p - 2 scrolls of immolation {unknown}
Potions
 d - a potion of heal wounds {unknown}
 f - 2 potions of ambrosia
 q - 2 potions of enlightenment {unknown}
 r - a potion of cancellation {unknown}
 t - a potion of magic {unknown}
 u - a potion of invisibility {unknown}


   Skills:
 + Level 4.3 Fighting
 * Level 4.9 Axes
 + Level 4.3 Armour
 + Level 4.2 Shields
 + Level 2.7 Invocations


You had 5 spell levels left.
You didn't know any spells.
Your spell library contained the following spells:

 Spells                   Type           Power      Damage    Failure   Level
 Lesser Beckoning         Tloc           0%         N/A       80%         2
 Gell's Gravitas          Tloc           0%         N/A       95%         3
 Teleport Other           Tloc           0%         N/A       95%         3
 Sculpt Simulacrum        Ice/Alch       0%         N/A       100%        6
 Ozocubu's Refrigeration  Ice            0%         4d7       100%        7
 Polar Vortex             Ice            0%         N/A       100%        9


Dungeon Overview and Level Annotations

Branches:
Dungeon (4/15)
 Temple: D:4-7

Altars:
Ashenzari


Innate Abilities, Weirdness & Mutations

Your spellcasting is much less encumbered by armour.
You can use scrolls of enchantment on lesser artefacts.


Message History

Something hits you but does no damage.
You hit the ogre.
The ogre is lightly wounded.
You block the orc's attack. The ogre hits you with a +0 giant club.
You block something's attack.
You sock the ogre!
The ogre is heavily wounded.
The orc hits you but does no damage.
You are poisoned.
Something hits you. The ogre hits you with a +0 giant club!
The orc hits you but does no damage.
You are more poisoned.
The orc wizard hits you but does no damage.
You hear some strange, mumbled words.
You are confused.
You are too injured to fight recklessly!
You are too injured to fight recklessly!
You are too injured to fight recklessly!
You are too injured to fight recklessly!
You are too injured to fight recklessly!
You are too injured to fight recklessly!
You are too injured to fight recklessly!
You are too injured to fight recklessly!
You are too injured to fight recklessly!
You are too injured to fight recklessly!
You are too injured to fight recklessly!
You are too injured to fight recklessly!
You are too injured to fight recklessly!
You are too injured to fight recklessly!
You are too injured to fight recklessly!
You closely miss the ogre.
The ogre is heavily wounded.
You feel very sick.
The ogre hits you with a +0 giant club!!
* * * LOW HITPOINT WARNING * * *
The orc hits you but does no damage.
You hear some strange, mumbled words.
A puff of flame appears from out of thin air!
The puff of flame hits you!
You die...

........... ##.####.##
###.....P.. ##...###.#
..#...####.###.###.##.######
..'...# +....## ##........#
####..# #.##.# #..#####.#
+..####.##.## ####
#.......###.###.#
#.......####)...#
##..####.....{@o.#
#...#).#......Oo.#
#...'..#.#.###...#
###...#).# #. #...#
.....##### # ....' .....#
....#≈ '##..+ ....#≈. ..#..#
##...# §. ..#..#


You could see an ogre, an orc wizard and an orc.

Vanquished Creatures
  A black bear (D:3)
  An orc priest (D:4)
  An iguana (D:4)
  Terence (D:2)
  3 adders
  A white imp (D:4)
  7 orcs
  2 bats (D:2)
  9 endoplasms
  3 giant cockroaches
  7 hobgoblins
  4 jackals (D:1)
  7 kobolds
  5 quokkas
  4 ball pythons
  A frilled lizard (D:2)
  4 goblins
  4 rats
65 creatures vanquished.

Notes
Turn   | Place    | Note
-------+----------+-------------------------------------------
     0 | D:1      | garrulousMonolith the Mountain Dwarf Fighter began the
                  | quest for the Orb.
     0 | D:1      | Reached XP level 1. HP: 19/19 MP: 1/1
   201 | D:1      | Reached XP level 2. HP: 26/26 MP: 2/2
   816 | D:2      | Reached skill level 1 in Invocations
   886 | D:2      | Reached XP level 3. HP: 28/31 MP: 3/3
  1121 | D:2      | Noticed Terence
  1130 | D:2      | Killed Terence
  1420 | D:2      | Found a broken altar of Ashenzari.
  1527 | D:3      | Reached XP level 4. HP: 40/40 MP: 5/5
  1929 | D:3      | Noticed a black bear
  1937 | D:3      | Killed a black bear
  1938 | D:3      | Reached XP level 5. HP: 42/46 MP: 6/6
  2609 | D:4      | Reached XP level 6. HP: 52/52 MP: 7/7
  2786 | D:4      | Killed from afar by an orc wizard

Illustrated notes

Levels and vault maps discovered:
D:1:      amcnicky_arrival_flooded_fountain, layout_loops_cross, minivault_14
D:2:      layout_basic, basic_altar, nicolae_houndstooth_variations,
          uniq_terence
D:3:      wad_lake_hut, layout_basic
D:4:      corexii_shack_village, layout_loops_ring, kennysheep_generic_room_2

Skill      XL: |  1  2  3  4 |
---------------+-------------+-----
Axes           | 3 4 |  4.9
Invocations    | 1 2 |  2.7
Fighting       | 4 |  4.3
Armour         | 4 |  4.3
Shields        | 4 |  4.2

Action                     |  1- 3 |  4- 6 || total
---------------------------+-------+-------++-------
  Melee: War axe           |    91 |       ||    91
         Flail             |     9 |    96 ||   105
    Use: Scroll            |     2 |       ||     2
         Potion            |       |     1 ||     1
 Armour: Chain mail        |    99 |   107 ||   206
  Dodge: Dodged            |    60 |    53 ||   113
  Block: Buckler           |    32 |    14 ||    46

Table legend: (Time is in decaauts)
 A = Elapsed time spent in this place.
 B = Non-inter-level travel time spent in this place.
 C = Inter-level travel time spent in this place.
 D = Time resting spent in this place.
 E = Time spent auto-exploring this place.
 F = Levels seen in this place.
 G = Mean time per level.
                   A        B        C        D        E       F      G
               +--------+--------+--------+--------+--------+-----+--------+
         Total |   2890 |   2802 |     88 |     97 |   2159 |   4 |  722.5 |
       Dungeon |   2890 |   2802 |     88 |     97 |   2159 |   4 |  722.5 |
               +--------+--------+--------+--------+--------+-----+--------+

Top non-repeatable levels by time:
     D:3: 789 daAuts
     D:2: 764 daAuts
     D:1: 754 daAuts
     D:4: 581 daAuts
